 Dungeon Crawl Stone Soup version 0.30-a0-760-g5a9884bb7c (webtiles) character file.

Game seed: 9905859048362841035

182 Farfigtubin the Chopper (level 5, 0/46 HPs)
             Began as a Hill Orc Fighter on Feb 10, 2023.
             Slain by a gnoll
             ... wielding a +0 halberd
              (9 damage)
             ... on level 3 of the Dungeon.
             The game lasted 00:06:09 (828 turns).

Farfigtubin the Chopper (Hill Orc Fighter)           Turns: 828, Time: 00:06:10

Health: 0/46       AC:  7    Str: 21    XL:     5   Next: 62%
Magic:  5/5        EV:  9    Int:  8    God:
Gold:   111        SH:  5    Dex: 16    Spells: 4/4 levels left

rFire   . . .      SeeInvis .    a - +0 war axe
rCold   . . .      Faith    .    c - +0 buckler
rNeg    . . .      Spirit   .    b - +0 scale mail
rPois   .          Reflect  .    (no helmet)
rElec   .          Harm     .    (no cloak)
rCorr   .          Rampage  .    (no gloves)
Will    .....                    (no boots) Stlth
                                 (no amulet)
HPRegen 0.27/turn                e - +6 ring of dexterity
MPRegen 0.09/turn                (no ring)

@: no status effects
A: no striking features
a: no special abilities


You were on level 3 of the Dungeon.
You visited 1 branch of the dungeon, and saw 3 of its levels.

You collected 111 gold pieces.

Inventory:

Hand Weapons
 a - a +0 war axe (weapon)
Armour
 b - a +0 scale mail (worn)
 c - a +0 buckler (worn)
Jewellery
 e - a +6 ring of dexterity (left hand)
 f - a ring of positive energy
Wands
 i - a wand of digging (3)
Scrolls
 g - a scroll of amnesia {unknown}
Potions
 d - 2 potions of might
 h - a potion of brilliance {unknown}


   Skills:
 + Level 4.3 Fighting
 + Level 5.3 Axes
 + Level 4.3 Armour
 + Level 0.5 Dodging
 + Level 0.1 Stealth
 + Level 3.9 Shields


You had 4 spell levels left.
You didn't know any spells.
Your spell library was empty.

Dungeon Overview and Level Annotations

Branches:
Dungeon (3/15)

Altars:


Message History

The gnoll is severely wounded.
The gnoll hits you with a +2 whip of flaming.
The gnoll burns you.
You hit the gnoll.
The gnoll is severely wounded.
You block the gnoll's attack.
You hit the gnoll but do no damage.
The gnoll is severely wounded.
You block the gnoll's attack. x3
You hit the gnoll but do no damage.
The gnoll is severely wounded.
The gnoll hits you with a +2 whip of flaming.
The gnoll burns you. You block the gnoll's attack.
You closely miss the gnoll.
The gnoll is severely wounded.
You block the gnoll's attack.
The gnoll hits you from afar with a +0 halberd.
You closely miss the gnoll.
The gnoll is severely wounded.
The gnoll hits you with a +2 whip of flaming.
The gnoll burns you. The gnoll misses you. You block the gnoll's attack.
The gnoll hits you with a +2 whip of flaming.
The gnoll burns you.
You barely miss the gnoll.
The gnoll is severely wounded.
You block the gnoll's attack.
The gnoll hits you from afar with a +0 halberd.
You slash the gnoll!
You kill the gnoll!
The gnoll barely misses you. The gnoll hits you with a +0 halberd!
* * * LOW HITPOINT WARNING * * *
You see here a +2 whip of flaming.
You hit the gnoll.
The gnoll is moderately wounded.
You block the gnoll's attack.
You hit the gnoll but do no damage.
The gnoll is moderately wounded.
The gnoll hits you with a +0 halberd!
You die...

####......###.#
#......[##.#
#..#........
....##.##....#
#.##. #.# .#..# #
#####.##.##..
#........# .. #
.#.###.#..##...#
.........@g.....#
###.###.#######.#
.... ##.## #. #.
##


You could see a gnoll.

Vanquished Creatures
  A hound (D:2)
  6 gnolls
  5 adders (D:2)
  A worm (D:2)
  3 dart slugs (D:1)
  2 bats
  4 endoplasms
  2 goblins
  3 hobgoblins (D:2)
  2 jackals (D:1)
  5 kobolds
  3 quokkas
  4 ball pythons
  A frilled lizard (D:1)
  3 rats
45 creatures vanquished.

Notes
Turn   | Place    | Note
-------+----------+-------------------------------------------
     0 | D:1      | Farfigtubin the Hill Orc Fighter began the quest for the
                  | Orb.
     0 | D:1      | Reached XP level 1. HP: 19/19 MP: 1/1
    35 | D:2      | Reached XP level 2. HP: 27/27 MP: 2/2
   218 | D:1      | Reached XP level 3. HP: 30/33 MP: 3/3
   238 | D:1      | Reached skill level 3 in Axes
   625 | D:2      | Reached XP level 4. HP: 30/40 MP: 4/4
   643 | D:2      | Reached skill level 4 in Axes
   743 | D:2      | Reached XP level 5. HP: 42/46 MP: 5/5
   803 | D:3      | Reached skill level 5 in Axes
   828 | D:3      | Slain by a gnoll

Illustrated notes

Levels and vault maps discovered:
D:1:      nzn_arrival_crosshair, layout_rooms
D:2:      layout_loops_ring, minmay_misc_feat_square,
          chequers_serial_rivers_micro_a
D:3:      minmay_roachtagon, layout_basic, mainiacjoe_overflow_tiny_flanked,
          nicolae_ru_sacrificial_ziggurat, grunt_ministairs_12,
          chequers_serial_rivers_room_b, minivault_25

Skill      XL: |  1  2  3  4  5 |
---------------+----------------+-----
Axes           | 3 4 5 |  5.3
Fighting       | 4 |  4.3
Armour         | 4 |  4.3
Dodging        | |  0.5
Stealth        | |  0.1
Shields        | |  3.9

Action                     |  1- 3 |  4- 6 || total
---------------------------+-------+-------++-------
  Melee: War axe           |    75 |    61 ||   136
 Armour: Scale mail        |    38 |    19 ||    57
  Dodge: Dodged            |    36 |    23 ||    59
  Block: Buckler           |    31 |    24 ||    55

Table legend: (Time is in decaauts)
 A = Elapsed time spent in this place.
 B = Non-inter-level travel time spent in this place.
 C = Inter-level travel time spent in this place.
 D = Time resting spent in this place.
 E = Time spent auto-exploring this place.
 F = Levels seen in this place.
 G = Mean time per level.
                   A        B        C        D        E       F      G
               +--------+--------+--------+--------+--------+-----+--------+
         Total |    876 |    876 |      0 |     66 |     39 |   3 |  292.0 |
       Dungeon |    876 |    876 |      0 |     66 |     39 |   3 |  292.0 |
               +--------+--------+--------+--------+--------+-----+--------+

Top non-repeatable levels by time:
     D:2: 574 daAuts
     D:1: 261 daAuts
     D:3: 40 daAuts
